 Dungeon Crawl Stone Soup version 0.30.0-15-g856e2d3f33 (webtiles) character file.

Game seed: 1106298045198763246

11764 AlmostDecent the Severer (level 11, -9/69 HPs)
             Began as a Gargoyle Berserker on May 18, 2023.
             Was an Elder of Trog.
             Mangled by a boulder beetle (10 damage)
             ... on level 11 of the Dungeon.
             The game lasted 00:33:47 (11668 turns).

AlmostDecent the Severer (Gargoyle Berserker)      Turns: 11668, Time: 00:33:47

Health: -9/69      AC: 20    Str: 21    XL:     11   Next: 82%
Magic:  11/11      EV: 11    Int: 14    God:    Trog [****..]
Gold:   790        SH:  8    Dex: 13    Spells: 10/10 levels left

rFire   . . .        v - +1 war axe
rCold   + . .        x - +0 kite shield
rNeg    + . .        F - +2 steam dragon scales
rPois   ∞            t - +2 hat
rElec   +            C - +1 cloak
rCorr   .            q - +0 pair of gloves
SInv    .            (no boots)
Will    .....        (no amulet)
Stlth   ++           e - ring of protection from cold
HPRegen 0.31/turn    b - +6 ring of intelligence
MPRegen 0.12/turn

%: no passive effects
@: on berserk cooldown, slowed, studying Armour, very slow
A: sickness immunity, AC +8, negative energy resistance 1, electricity
resistance, torment resistance 1, petrification resistance
a: Renounce Religion, Berserk, Trog's Hand, Brothers in Arms


You were on level 11 of the Dungeon.
You worshipped Trog.
Trog was greatly pleased with you.
You visited 1 branch of the dungeon, and saw 11 of its levels.
You also visited: Ossuary.

You collected 790 gold pieces.

Inventory:

Hand Weapons
 s - a +4 flail
 v - a +1 war axe (weapon)
 G - a +0 trident of flaming
Missiles
 l - 11 boomerangs of dispersal (quivered)
 A - a throwing net
Armour
 q - a +0 pair of gloves (worn)
 t - a +2 hat (worn)
 x - a +0 kite shield (worn)
 C - a +1 cloak (worn)
 F - +2 steam dragon scales (worn)
Jewellery
 b - a +6 ring of intelligence (right hand)
 e - a ring of protection from cold (left hand)
Wands
 a - a wand of roots (10)
 n - a wand of paralysis (5)
 o - a wand of polymorph (4)
 B - a wand of mindburst (16)
Scrolls
 c - a scroll of fear
 d - a scroll of magic mapping
 h - a scroll of immolation
 i - 13 scrolls of teleportation
 k - 5 scrolls of fog
 y - a scroll of torment
 D - a scroll of butterflies {unknown}
 H - a scroll of identify
Potions
 f - a potion of ambrosia
 g - a potion of invisibility {unknown}
 j - 3 potions of heal wounds
 m - 2 potions of haste
 p - a potion of resistance {unknown}
 r - 4 potions of magic
 u - 2 potions of curing {unknown}
 w - 3 potions of might {unknown}
 z - 3 potions of lignification {unknown}
 E - a potion of flight {unknown}


   Skills:
 + Level 8.6 Fighting
 * Level 15.1 Axes
 - Level 2.6 Armour
 - Level 2.6 Dodging
 - Level 0.9 Stealth
 + Level 3.2 Shields


You had 10 spell levels left.
You didn't know any spells.
Your spell library was empty.

Dungeon Overview and Level Annotations

Branches:
Dungeon (11/15)            Temple (0/1) D:4            Lair (0/5) D:10
    Orc (0/2) D:9         Ossuary (visited)

Altars:
Ashenzari
Cheibriados
Gozag
Kikubaaqudgha
Makhleb
Qazlal
Ru
The Shining One

Annotations:
D:5 2 transporters, Fractals's ghost, novice TeCj
D:7 3 runed translucent doors, AverageBear's ghost, novice OpFi; jasper's ghost, weakling MeDe; turdburglar's ghost, novice MiHu


Innate Abilities, Weirdness & Mutations

You are immune to sickness and miasma.
Your stone body is resilient. (AC +8)
You are immune to poison.
You resist negative energy. (rN+)
You are resistant to electric shocks. (rElec)
You are resistant to unholy torment.
You are immune to petrification.


Message History

There is an open door here.
There is an open door here.
A boulder beetle comes into view.
The boulder beetle bites you!
You hit the boulder beetle.
The boulder beetle is lightly wounded.
You slash the boulder beetle!
The boulder beetle is moderately wounded.
You block the boulder beetle's attack.
You hit the boulder beetle.
The boulder beetle is moderately wounded.
The boulder beetle bites you!
You hit the boulder beetle but do no damage.
The boulder beetle is moderately wounded.
The boulder beetle closely misses you.
You hit the boulder beetle but do no damage.
The boulder beetle is moderately wounded.
The boulder beetle bites you!
A red film seems to cover your vision as you go berserk!
You feel yourself moving faster!
You feel mighty!
The boulder beetle bites you but does no damage.
You are too injured to fight recklessly!
You are too injured to fight recklessly!
You are too injured to fight recklessly!
You slice the boulder beetle!!
The boulder beetle is heavily wounded.
You slash the boulder beetle!
The boulder beetle is severely wounded.
The boulder beetle leaps!
You feel a strong urge to attack something.
You are too injured to fight recklessly!
You feel your anger nearly subside.
You are no longer berserk.
You are exhausted.
You feel yourself slow down.
The boulder beetle curls into a ball and begins rolling!
The boulder beetle hits you!!
* * * LOW HITPOINT WARNING * * *
The boulder beetle stops rolling and uncurls.
The boulder beetle bites you!
You die...

.................# #.....'.....
.................# #.....#.....
.................# #.....#.....
###..............#####.....#.....
..#.##............<........#.....
..#........................#.....
..#####....................#.....
..# .################'#####.....
..# ...........@B...............
..######.....................^...
..#....#######################'##
..#.#............................
..#.........................#....
###..............................
###########################'#####
'.# #.......#....... #.#
#......(#.......


You could see a boulder beetle.

Vanquished Creatures
  Harold (D:10)
  A two-headed ogre (D:11)
  A cyclops (D:10)
  Joseph (D:10)
  A gargoyle (D:11)
  Maggie (D:10)
  A kobold demonologist (D:9)
  A troll (D:11)
  Sigmund (D:5)
  A wraith (D:11)
  Eustachio (D:5)
  A wyvern (D:9)
  9 yaks
  A steam dragon (D:5)
  An acid dragon (D:11)
  3 vampire mosquitoes (D:11)
  A water moccasin (D:6)
  4 black bears
  A sky beast (D:7)
  4 ice beasts
  4 orc warriors
  2 ogres (D:5)
  9 centaurs
  5 scorpions
  4 bullfrogs
  A kobold brigand (D:9)
  6 necrophages (D:5)
  2 gnoll sergeants
  A water moccasin zombie (D:5)
  8 wights
  19 killer bees
  6 howler monkeys
  3 centaur zombies
  A bullfrog zombie (D:5)
  3 hounds
  4 jellies
  A gnoll bouda (D:10)
  A human zombie (D:5)
  7 orc priests
  3 sleepcaps
  Crazy Yiuf (D:5)
  3 iguanas
  11 orc wizards
  A hound zombie (D:5)
  6 mummies
  18 gnolls
  10 adders
  A white imp (D:5)
  An ufetubus (D:5)
  A worm (D:2)
  4 dart slugs
  38 orcs
  7 endoplasms
  6 giant cockroaches
  7 hobgoblins
  8 jackals
  5 quokkas
  9 ball pythons
  5 bats
  A frilled lizard (D:1)
  5 goblins
  6 hobgoblin zombies (Ossuary)
  7 kobolds
  3 rats
290 creatures vanquished.

Vanquished Creatures (others)
  A kobold (D:9)
1 creature vanquished.

Grand Total: 291 creatures vanquished

Notes
Turn   | Place    | Note
-------+----------+-------------------------------------------
     0 | D:1      | AlmostDecent the Gargoyle Berserker began the quest for the
                  | Orb.
     0 | D:1      | Reached XP level 1. HP: 14/14 MP: 1/1
    59 | D:1      | Reached XP level 2. HP: 3/19 MP: 2/2
   162 | D:1      | Reached skill level 3 in Axes
   206 | D:1      | Reached XP level 3. HP: 5/24 MP: 3/3
   307 | D:1      | Found a faded altar of an unknown god.
  1134 | D:2      | Reached ** piety under Trog
  1135 | D:2      | Reached XP level 4. HP: 25/29 MP: 4/4
  1903 | D:3      | Reached skill level 4 in Axes
  1903 | D:3      | Reached XP level 5. HP: 24/33 MP: 5/5
  2162 | D:3      | Found a broken altar of Ashenzari.
  2450 | D:3      | Reached XP level 6. HP: 38/38 MP: 6/6
  2830 | D:4      | Reached skill level 5 in Axes
  2930 | D:4      | Found a sacrificial altar of Ru.
  3314 | D:4      | Found a staircase to the Ecumenical Temple.
  3380 | D:5      | Entered Level 5 of the Dungeon
  3435 | D:5      | Identified a scroll of acquirement
  3435 | D:5      | Acquired a manual of Armour
  3492 | D:5      | Noticed Eustachio
  3505 | D:5      | Found a transporter.
  3523 | D:5      | Found a sand-covered staircase.
  3528 | D:5      | Killed Eustachio
  3529 | D:5      | Reached skill level 6 in Axes
  3529 | D:5      | Reached XP level 7. HP: 6/44 MP: 7/7
  3533 | Ossuary  | Entered an ossuary
  4025 | D:5      | Reached skill level 7 in Axes
  4073 | D:5      | Reached XP level 8. HP: 40/48 MP: 8/8
  4131 | D:5      | Reached *** piety under Trog
  4134 | D:5      | Found an ancient bone altar of Kikubaaqudgha.
  4171 | D:5      | Reached skill level 5 in Fighting
  4171 | D:5      | Reached skill level 8 in Axes
  4266 | D:5      | Found a runed translucent door.
  4267 | D:5      | Noticed Crazy Yiuf
  4454 | D:5      | Reached skill level 9 in Axes
  4727 | D:5      | Reached XP level 9. HP: 54/54 MP: 9/9
  4740 | D:5      | Reached skill level 10 in Axes
  5167 | D:5      | Noticed Sigmund
  5174 | D:5      | Killed Sigmund
  5375 | D:5      | Noticed Fractals's ghost (novice TeCj)
  5380 | D:5      | Found a transporter.
  5510 | D:5      | Killed Crazy Yiuf
  5662 | D:6      | Reached skill level 11 in Axes
  5784 | D:6      | Found a snail-covered altar of Cheibriados.
  6300 | D:7      | Reached XP level 10. HP: 61/61 MP: 10/10
  6489 | D:7      | Reached skill level 12 in Axes
  7028 | D:7      | Acquired a manual of Armour
  7167 | D:7      | Found a glowing golden altar of the Shining One.
  7167 | D:7      | Found a stormy altar of Qazlal.
  7270 | D:7      | Found a runed translucent gate.
  7270 | D:7      | Found a runed translucent gate.
  7271 | D:7      | Found a runed translucent gate.
  7272 | D:7      | Noticed AverageBear's ghost (novice OpFi)
  7272 | D:7      | Noticed jasper's ghost (weakling MeDe)
  7273 | D:7      | Noticed turdburglar's ghost (novice MiHu)
  7813 | D:8      | Reached skill level 13 in Axes
  8398 | D:9      | Reached **** piety under Trog
  8420 | D:9      | Noticed a kobold demonologist
  8624 | D:9      | Killed a kobold demonologist
  8683 | D:9      | Reached skill level 1 in Shields
  8771 | D:9      | Found a burning altar of Makhleb.
  8858 | D:9      | Found a staircase to the Orcish Mines.
  8940 | D:9      | Reached XP level 11. HP: 50/68 MP: 11/11
  9014 | D:9      | Reached ***** piety under Trog
  9083 | D:9      | Found an opulent altar of Gozag.
  9245 | D:10     | Entered Level 10 of the Dungeon
  9254 | D:10     | Found a staircase to the Lair.
  9259 | D:10     | Noticed Joseph
  9293 | D:10     | Killed Joseph
  9477 | D:10     | Reached skill level 14 in Axes
  9684 | D:10     | Noticed a cyclops
  9694 | D:10     | Killed a cyclops
  9796 | D:10     | Noticed Maggie
  9807 | D:10     | Killed Maggie
 10154 | D:10     | Noticed Harold
 10169 | D:10     | Killed Harold
 10417 | D:11     | Noticed a two-headed ogre
 10426 | D:11     | Killed a two-headed ogre
 11092 | D:11     | Reached skill level 15 in Axes
 11649 | D:11     | Noticed a boulder beetle
 11668 | D:11     | HP: 1/69 [boulder beetle (31)]
 11668 | D:11     | Mangled by a boulder beetle

Illustrated notes

Levels and vault maps discovered:
D:1:      nicolae_arrival_somewhat_less_tricky_arrival, layout_basic,
          shapermc_ecumenical_altar_totnotflames, chequers_arboretum,
          minmay_tree_intersection
D:2:      layout_rooms, minmay_splitting_lines, minivault_11,
          cheibrodos_gnoll_hut
D:3:      layout_basic, cheibrodos_ashenzari_chains, hellmonk_no_cap
D:4:      layout_loops_ring, nicolae_ru_sacrificial_ziggurat,
          minmay_temple_entry_fiery
D:5:      minmay_skewed_foursquare, layout_basic,
          lemuel_mausoleum_altar_kikubaaqudgha, gammafunk_ghost_smash,
          enter_ossuary_2, amcnicky_mini_corridor_feature, minmay_bent,
          uniq_crazy_yiuf_cottage, uniq_eustachio, uniq_sigmund
D:6:      layout_basic, mainiacjoe_overflow_24_doors
D:7:      layout_basic, gammafunk_temple_overflow_wave, gammafunk_ghost_cemetery
D:8:      layout_loops_corners, chequers_decorated_corner
D:9:      layout_rooms, mainiacjoe_overflow_tiny_flanked,
          lightli_temple_of_fire, hiddenorc2_lemuel,
          nicolae_kite_square_tiling_tiny
D:10:     layout_stronghold, lair_entry_dummy, hex_tiny, uniq_maggie,
          uniq_harold, uniq_joseph
D:11:     layout_stronghold

Skill      XL: |  1  2  3  4  5  6  7  8  9 10 11 |
---------------+----------------------------------+-----
Axes           | 3 4 6 7 9 11 13 15 | 15.1
Dodging        | 2 |  2.6
Fighting       | 4 5 6 7 8 |  8.6
Shields        | 1 3 |  3.2
Armour         | |  2.6
Stealth        | |  0.9

Action                     |  1- 3 |  4- 6 |  7- 9 | 10-12 || total
---------------------------+-------+-------+-------+-------++-------
  Melee: Hand axe          |   124 |   171 |       |       ||   295
         Punch             |       |     3 |     5 |       ||     8
         War axe           |       |    63 |   284 |   456 ||   803
 Invoke: Berserk           |     2 |     4 |     7 |    14 ||    27
    Use: Scroll            |       |    12 |       |     8 ||    20
         Potion            |       |     1 |       |       ||     1
 Armour: Animal skin       |    47 |    37 |       |       ||    84
         Ring mail         |       |    82 |   186 |   168 ||   436
         Steam dragon scal |       |       |       |    96 ||    96
  Dodge: Dodged            |    92 |   170 |   156 |   246 ||   664
  Block: Kite shield       |       |       |       |   146 ||   146
